cohdb
Replays
Latest Replays
All Replays
Popular Replays
Top Player Replays
Match Explorer
How It Works
Community
CoH3 Stats
Reddit
Sign in to upload your games and track your stats! →
Sign in with Steam
Match 44861807
Unlisted
Match 44861807
Overview
Messages
Build Orders
End
Kradschützen Motorcycle Team
250 Light Carrier
Construct Light Support Kompanie
Panzerjäger Squad
MG34 Team
Selects Panzerjäger Kommand Battlegroup
Selects Mine Fields
Combat Half-tracks
MG34 Team
Construct Mechanized Kompanie
Panzerjäger Mechanized Group
Selects Tank Busters
Selects Defensive Positions
Construct Panzerarmee Kommand
Vehicle Survival Package
Veteran Squad Leaders
MG34 Team
Walking Stuka Rocket Launcher
Panzerjäger Mechanized Group
Walking Stuka Rocket Launcher
Selects Crew Shock Tactics
Selects Butterfly Bomb Drop
Walking Stuka Rocket Launcher
Forward Retreat Point
Armored Reserves
Emergency Repair Kits
一杆大长枪
【POW】游骑
THE one-冰封夕阳
…
Gwangju's Hero Chun Doo-gwang
我真的不是驴
那谁_
旧时光
0
0
Comments
sign in to comment!
No comments posted yet!